 Dungeon Crawl Stone Soup version 0.16-a0-1083-g6a3eec8 (console) character file.

1169 MrRokkomies the Grasshopper (level 8, 0/60 HPs)
             Began as a Demonspawn Warper on Oct 5, 2014.
             Was an Elder of Cheibriados.
             Slain by an ogre
             ... wielding a +0 giant club
              (22 damage)
             ... on level 7 of the Dungeon.
             The game lasted 00:28:12 (5532 turns).

MrRokkomies the Grasshopper (Demonspawn Warper)     Turns: 5532, Time: 00:28:12

HP   0/60        AC 11     Str 21      XL: 8   Next: 17%
MP   0/13        EV 12     Int 26      God: Cheibriados [****..]
Gold 285         SH  0     Dex 21      Spells:  5 memorised,  2 levels left

rFire  . . .     SeeInvis .     G - +0 blowgun
rCold  . . .     Clarity  .     p - +1 leather armour
rNeg   . . .     rCorr    .     (no shield)
rPois  .         rRot     .     (no helmet)
rElec  .         Spirit   +     m - +2 cloak {MR+}
SustAb +         Warding  .     (no gloves)
rMut   .         Stasis   .     (no boots)
Gourm  .                        H - amulet of faith
MR     +....                    (no ring)
                                C - ring of sustain abilities

@: very slow, somewhat resistant to hostile enchantments, fairly stealthy
A: iridescent scales 1, nightstalker 2, magic shield, magic regeneration
a: Bend Time, Temporal Distortion, Slouch, Renounce Religion


You were on level 7 of the Dungeon.
You worshipped Cheibriados.
Cheibriados was greatly pleased with you.
You were not hungry.

You visited 1 branch of the dungeon, and saw 7 of its levels.

You collected 285 gold pieces.

Inventory:

Hand weapons
 a - a +0 falchion of draining
 b - a +0 shortbow
 G - a +0 blowgun (weapon)
Missiles
 e - 3 tomahawks of dispersal
 i - 43 stones
 j - 45 poisoned needles (quivered)
 B - 2 poisoned javelins
 I - 67 arrows
 M - a throwing net
Armour
 m - a +2 cloak of magic resistance (worn)
 p - a +1 leather armour (worn)
Comestibles
 f - 5 bread rations
 g - 6 fruits
 s - 5 meat rations
 u - a beef jerky
 v - 3 slices of pizza
 O - 3 rotting chunks of centaur flesh
 P - a rotting chunk of gnoll flesh
 Q - a rotting chunk of gnoll flesh
 S - 6 chunks of ogre flesh
Scrolls
 d - 2 scrolls of blinking
 l - 3 scrolls of magic mapping
 w - 2 scrolls of amnesia
 y - a scroll of teleportation
 L - a scroll of identify
 N - a scroll of fear
Jewellery
 C - a ring of sustain abilities (left hand)
 H - an amulet of faith (around neck)
 J - an uncursed amulet of stasis {unknown}
Potions
 h - 4 potions of magic
 k - a potion of might
 n - a potion of heal wounds
 o - 4 potions of curing
 q - a potion of cure mutation
 r - a potion of berserk rage {unknown}
 t - 2 potions of flight
 z - a potion of agility {unknown}
 D - a potion of mutation {unknown}
 E - a potion of haste {unknown}
 F - a potion of porridge
 K - a potion of cancellation {unknown}
Books
 c - a book of Spatial Translocations

   Spells                             Type                      Level
   *Apportation                       Translocation                1
   *Blink                             Translocation                2
   *Shroud of Golubria                Charms/Translocation         2
   *Portal Projectile                 Translocation                3
   Teleport Other                     Translocation                3
   Passage of Golubria                Translocation                4
 x - a book of the Dragon

   Spells                             Type                      Level
   Flight                             Charms/Air                   3
   Cause Fear                         Hexes                        4
   Bolt of Fire                       Conjuration/Fire             6
   Dragon Form                        Transmutation                7
   Dragon's Call                      Summoning                    9
 A - a book of Cantrips

   Spells                             Type                      Level
   Corona                             Hexes                        1
   *Animate Skeleton                  Necromancy                   1
   Summon Small Mammal                Summoning                    1
   *Apportation                       Translocation                1
 R - a book of Wizardry

   Spells                             Type                      Level
   Agony                              Necromancy                   5
   Force Lance                        Conjuration                  5
   Dispersal                          Translocation                6
   Haste                              Charms                       6
   Invisibility                       Hexes                        6
   Spellforged Servitor               Conjuration/Summoning        7


   Skills:
 - Level 4.0 Fighting
 * Level 5.7 Long Blades
 * Level 3.0 Bows
 - Level 0.8 Throwing
 - Level 0.8 Armour
 - Level 1.7 Dodging
 - Level 2.0 Spellcasting
 - Level 5.8 Translocations


You had 2 spell levels left.
You knew the following spells:

 Your Spells              Type           Power        Failure   Level  Hunger
a - Apportation           Tloc           ####......   1%          1    None
b - Blink                 Tloc           N/A          1%          2    ##.....
c - Shroud of Golubria    Chrm/Tloc      ###.......   6%          2    ##.....
d - Portal Projectile     Tloc           ####..       3%          3    ###....
e - Animate Skeleton      Necr           N/A          12%         1    None


Dungeon Overview and Level Annotations

Branches:
Dungeon (7/15)
 Temple: D:4-7

Altars:
Cheibriados
Makhleb
Vehumet
Xom
Zin
The Shining One

Shops:
D:4 }

Annotations:
D:2 Sigmund
D:4 MrRokkomies' ghost, average DsWr
D:5 Hodglim's ghost, experienced HECj
D:7 Eustachio


Innate Abilities, Weirdness & Mutations

You are partially covered in iridescent scales (AC +4).
You are significantly more attuned to the shadows.
When hurt, damage is shared between your health and your magic reserves.
You regenerate magic rapidly.


Message History

The ogre is poisoned.
The ogre is moderately wounded.
Something bites your ogre skeleton. Something hits your ogre skeleton.
Firing (i - inventory. (,) - cycle):
j - 47 poisoned needles (quivered)
Press: ? - help, Shift-Dir - straight line, f/p - ogre
Aim: an ogre, wielding a giant club (moderately wounded, poisoned)
You shoot a poisoned needle. The poisoned needle hits the ogre!
The ogre looks even sicker.
The ogre is moderately wounded.
Your ogre skeleton hits something with a giant club!!
Casting: Blink
Confirm with . or Enter, or press ? or * to list all spells.
You blink.
Firing (i - inventory. (,) - cycle):
j - 46 poisoned needles (quivered)
Press: ? - help, Shift-Dir - straight line, f/p - ogre
Aim: an ogre, wielding a giant club (heavily wounded, poisoned)
You shoot a poisoned needle. The poisoned needle hits the ogre!
The ogre is heavily wounded.
The ogre hits you with a giant club!!
You die...

... #####...# ######
.......### .....##
###.........# ........
#.@O........# .%.#.##
#.#..(......#
##.#.#####.####)####.ยง$#
#...........r@Z..((........
##....####.###r#####...##.#
.............b.# ##.## #
.##...####.##.(# #.#
.##.### #.##..# #.#
....######...### .!#


You could see Eustachio, an ogre, a green rat, a bat and a friendly ogre
skeleton.

Vanquished Creatures
  3 ogres
  A phantom (D:4)
  Duvessa (D:4)
  2 centaurs
  A giant frog (D:6)
  A gnoll sergeant (D:7)
  An orc priest (D:4)
  Dowan (D:4)
  3 goliath beetles
  A hound (D:4)
  2 crimson imps (D:5)
  An orc wizard (D:4)
  2 worker ants
  2 ogre skeletons
  2 adders
  3 shadow imps
  An adder skeleton (D:4)
  2 giant geckos
  An ooze (D:1)
  9 orcs
  2 ball pythons
  4 hobgoblins
  8 jackals
  8 kobolds
  10 bats
  3 giant newts
  4 goblins
  A hobgoblin skeleton (D:4)
  A kobold skeleton (D:4)
  3 quokkas
  16 rats
  A rat zombie (D:5)
101 creatures vanquished.

Vanquished Creatures (collateral kills)
  3 gnolls (D:7)
  An adder skeleton (D:7)
  A kobold (D:7)
  2 quokkas (D:7)
  A rat (D:7)
8 creatures vanquished.

Vanquished Creatures (others)
  A centaur skeleton (D:7)
  2 gnoll skeletons (D:7)
3 creatures vanquished.

Grand Total: 112 creatures vanquished

Notes
Turn   | Place    | Note
--------------------------------------------------------------
     0 | D:1      | MrRokkomies, the Demonspawn Warper, began the quest for the Orb.
     0 | D:1      | Reached XP level 1. HP: 16/16 MP: 3/3
   276 | D:1      | Reached skill level 3 in Translocations
   297 | D:1      | Found a snail-covered altar of Cheibriados.
   341 | D:1      | Became a worshipper of Cheibriados the Contemplative
   366 | D:1      | Gained mutation: You are slightly more attuned to the shadows. [demonic ancestry]
   366 | D:1      | Reached XP level 2. HP: 23/23 MP: 4/4
   370 | D:1      | Learned a level 2 spell: Blink
   373 | D:1      | Learned a level 2 spell: Shroud of Golubria
  1203 | D:2      | Found a radiant altar of Vehumet.
  1212 | D:2      | Noticed Sigmund
  1231 | D:3      | Found a burning altar of Makhleb.
  1258 | D:3      | Found a glowing golden altar of the Shining One.
  1651 | D:3      | Gained mutation: When hurt, damage is shared between your health and your magic reserves. [demonic ancestry]
  1651 | D:3      | Reached XP level 3. HP: 28/28 MP: 6/6
  2289 | D:4      | Reached XP level 4. HP: 17/36 MP: 4/7
  2469 | D:4      | Reached skill level 4 in Fighting
  2469 | D:4      | Reached XP level 5. HP: 42/42 MP: 9/9
  2475 | D:4      | Learned a level 3 spell: Portal Projectile
  2515 | D:4      | Noticed MrRokkomies' ghost (average DsWr)
  2516 | D:4      | Noticed an ogre
  2625 | D:4      | Killed an ogre
  3043 | D:4      | Gained mutation: You are partially covered in iridescent scales (AC +4). [demonic ancestry]
  3043 | D:4      | Reached XP level 6. HP: 44/48 MP: 7/10
  3103 | D:4      | Noticed a phantom
  3178 | D:4      | Killed a phantom
  3178 | D:4      | Reached skill level 5 in Translocations
  3232 | D:4      | Noticed Dowan
  3257 | D:4      | Killed Dowan
  3268 | D:4      | Noticed Duvessa
  3286 | D:4      | Killed Duvessa
  3355 | D:4      | Found Luqiomag's Gadget Boutique.
  3517 | D:5      | Entered Level 5 of the Dungeon
  3573 | D:5      | Noticed Hodglim's ghost (experienced HECj)
  3617 | D:5      | Gained mutation: You regenerate magic rapidly. [demonic ancestry]
  3617 | D:5      | Reached XP level 7. HP: 54/54 MP: 10/12
  3624 | D:5      | Found a shimmering altar of Xom.
  3627 | D:5      | Noticed an angel
  3629 | D:5      | Found a glowing silver altar of Zin.
  3631 | D:5      | Got a ruby-encrusted plate armour
  3734 | D:5      | Learned a level 1 spell: Animate Skeleton
  3844 | D:5      | Acquired Cheibriados' first power
  4661 | D:6      | Identified the cursed -3 plate armour of True Grit {Dex+2} (You found it on level 5 of the Dungeon)
  4937 | D:6      | Reached skill level 1 in Bows
  5189 | D:6      | Reached skill level 5 in Long Blades
  5293 | D:7      | Acquired Cheibriados' second power
  5293 | D:7      | Gained mutation: You are significantly more attuned to the shadows. [demonic ancestry]
  5293 | D:7      | Reached XP level 8. HP: 52/60 MP: 11/13
  5509 | D:7      | Noticed Eustachio
  5532 | D:7      | Slain by an ogre

Action                   |  1- 3 |  4- 6 |  7- 9 || total
-------------------------+-------+-------+-------++-------
Melee: Falchion          |   148 |   147 |   128 ||   423
 Fire: Blowgun           |     7 |    24 |    30 ||    61
       Shortbow          |       |       |     7 ||     7
Throw: Stone             |    19 |    51 |    11 ||    81
       Tomahawk          |       |     2 |       ||     2
 Cast: Shroud of Golubri |     6 |    12 |     1 ||    19
       Blink             |       |     5 |    10 ||    15
       Animate Skeleton  |       |       |     4 ||     4
  Use: Scroll            |     8 |     2 |     6 ||    16
       Potion            |       |     1 |       ||     1
 Stab: Sleeping          |     1 |     2 |     5 ||     8
       Distracted        |       |       |     1 ||     1
  Eat: Chunk             |     4 |     4 |     5 ||    13
